 Dungeon Crawl Stone Soup version 0.29.0-4-gdea44cf6ec (webtiles) character file.

Game seed: 3364192639848075952

40 qw the Chopper (level 3, -4/21 HPs)
             Began as a Tengu Warper on Aug 28, 2022.
             Slain by Terence
             ... wielding a +0 falchion
              (5 damage)
             ... on level 3 of the Dungeon.
             The game lasted 00:00:07 (1414 turns).

qw the Chopper (Tengu Warper)                       Turns: 1414, Time: 00:00:08

Health: -4/21      AC:  4    Str: 13    XL:     3   Next: 50%
Magic:  7/7        EV: 12    Int: 13    God:
Gold:   68         SH:  0    Dex: 13    Spells: 6/6 levels left

rFire   . . .      SeeInvis .   Y - +0 hand axe
rCold   . . .      Faith    .   (no shield)
rNeg    . . .      Spirit   .   b - +0 leather armour
rPois   .          Reflect  .   (helmet restricted)
rElec   .          Harm     .   (no cloak)
rCorr   .          Rampage  .   d - +0 pair of gloves
Will    .....                   (boots unavailable)
Stlth   +.........              (no amulet)
HPRegen 0.07/turn               (no ring)
MPRegen 0.10/turn               (no ring)

@: no status effects
A: beak, talons 3
a: no special abilities


You were on level 3 of the Dungeon.
You visited 1 branch of the dungeon, and saw 3 of its levels.

You collected 68 gold pieces.


Innate Abilities, Weirdness & Mutations

You have a beak for a mouth.
You have claws for feet.


   Skills:
 - Level 2.0 Fighting
 + Level 4.2 Axes
 - Level 1.0 Throwing
 - Level 1.1 Armour
 - Level 2.1 Dodging
 - Level 2.0 Spellcasting
 - Level 2.4 Translocations


You had 6 spell levels left.
You didn't know any spells.
Your spell library contained the following spells:

 Spells                   Type           Power      Damage    Failure   Level
 Blink                    Tloc           14%        N/A       19%         2
 Gell's Gravitas          Tloc           7%         N/A       36%         3
 Lesser Beckoning         Tloc           7%         N/A       36%         3
 Teleport Other           Tloc           7%         N/A       36%         3
 Manifold Assault         Tloc           7%         N/A       98%         5

Inventory:

Hand Weapons
 f - a +0 club
 Y - a +0 hand axe (weapon)
Armour
 b - a +0 leather armour (worn)
 d - a +0 pair of gloves (worn)
Potions
 h - a potion of curing {unknown}
 j - a potion of attraction {unknown}
 k - a potion of heal wounds {unknown}

Dungeon Overview and Level Annotations

Branches:
Dungeon (3/15)

Altars:

Annotations:
D:3 Terence


Message History

A hobgoblin comes into view.
The hobgoblin shouts!
You barely miss the hobgoblin. You claw the hobgoblin.
The hobgoblin is moderately wounded.
The hobgoblin hits you but does no damage.
You barely miss the hobgoblin.
The hobgoblin is moderately wounded.
The hobgoblin hits you but does no damage.
You hit the hobgoblin. Your kick misses the hobgoblin.
Your peck misses the hobgoblin.
The hobgoblin is almost dead.
The hobgoblin closely misses you.
You closely miss the hobgoblin.
The hobgoblin is almost dead.
The hobgoblin misses you.
You slash the hobgoblin!
You kill the hobgoblin!
You see here a hobgoblin corpse.
Found a long sword.
A hobgoblin comes into view.
The hobgoblin shouts!
Terence the Incautious comes into view.
He is wielding a +0 falchion.
Terence shouts!
You hit the hobgoblin but do no damage. You claw the hobgoblin.
You kill the hobgoblin!
You completely miss Terence. You claw Terence, but do no damage.
Terence hits you with a +0 falchion.
You barely miss Terence. Terence hits you with a +0 falchion.
You closely miss Terence. Your kick misses Terence.
Terence hits you with a +0 falchion!
You closely miss Terence. Terence barely misses you.
You hit Terence. Your kick misses Terence. Your peck misses Terence.
Terence is moderately wounded.
Terence hits you with a +0 falchion! Terence barely misses you.
You hit Terence but do no damage. You peck Terence, but do no damage.
Terence is moderately wounded.
Terence hits you with a +0 falchion.
You die...

#.)..... #...... #.....#
## #.....# ... #.....#
.... ####.....# .....
##### #........##......
#...# #........@$......
#...####.........@......
#...'..%...#####.....=..
#...######.# #........
#...######.# #.....###
............ ........
............. .........
..##########++ ######...
..#


You could see Terence.

Vanquished Creatures
  An adder (D:2)
  4 ball pythons
  2 bats (D:1)
  2 endoplasms (D:1)
  4 giant cockroaches (D:1)
  3 goblins (D:1)
  4 hobgoblins
  3 kobolds (D:1)
  3 frilled lizards (D:1)
  4 rats (D:1)
30 creatures vanquished.

Notes
Turn   | Place    | Note
-------+----------+-------------------------------------------
     0 | D:1      | qw the Tengu Warper began the quest for the Orb.
     0 | D:1      | Reached XP level 1. HP: 12/12 MP: 4/4
     0 | D:1      | 0 ||| qw: Version: 0.1-a-89-g26bdef1
     0 | D:1      | 0 ||| qw: Game counter: 2077
     0 | D:1      | 0 ||| qw: Always use a shield: true
     0 | D:1      | 0 ||| qw: God list: Okawaru
     0 | D:1      | 0 ||| qw: Allow faded altars: false
     0 | D:1      | 0 ||| qw: Do Orc after D:15 true
     0 | D:1      | 0 ||| qw: Do second Lair branch before Depths: true
     0 | D:1      | 0 ||| qw: Lair rune preference: random
     0 | D:1      | 0 ||| qw: Plans: Normal
     0 | D:1      | 0 ||| PLANNING D:1-11
    36 | D:1      | Reached XP level 2. HP: 17/17 MP: 6/6
    54 | D:1      | Reached skill level 3 in Axes
    55 | D:1      | 55 ||| Stepping ~*~*~tactically~*~*~ (stealth).
    57 | D:1      | 57 ||| Stepping ~*~*~tactically~*~*~ (stealth).
    60 | D:1      | 60 ||| Stepping ~*~*~tactically~*~*~ (stealth).
   183 | D:1      | 183 ||| Stepping ~*~*~tactically~*~*~ (stealth).
   204 | D:1      | 204 ||| Stepping ~*~*~tactically~*~*~ (stealth).
   570 | D:1      | 570 ||| Stepping ~*~*~tactically~*~*~ (stealth).
   580 | D:1      | Reached XP level 3. HP: 13/21 MP: 7/7
  1155 | D:1      | 1155 ||| UPGRADING to +0 pair of gloves.
  1160 | D:1      | 1160 ||| READING scroll labelled LYUGARIRAS.
  1161 | D:1      | 1161 ||| READING scroll labelled OSEDDORYIR.
  1162 | D:1      | 1162 ||| READING scroll labelled PULUYL SEM.
  1166 | D:1      | 1166 ||| READING scroll labelled BOAGRYOTAI.
  1167 | D:1      | 1167 ||| DROPPING scroll of blinking.
  1211 | D:2      | Reached skill level 4 in Axes
  1366 | D:2      | You fall into a shaft and drop 1 floor!
  1401 | D:3      | Noticed Terence
  1413 | D:3      | HP: 1/21 [Terence/+0 falchion (7)]
  1414 | D:3      | Slain by Terence

Levels and vault maps discovered:
D:1:      tarquinn_simple_flora_water_d, layout_basic,
          corexii_item_surrounded_by_moat, st_stairs_9, minmay_pentomino_u4
D:2:      layout_loops_cross, ebering_ecumenical_altar_webs
D:3:      layout_basic, grunt_temple_overflow_cloverleaf,
          mainiacjoe_overflow_chevrons, mainiacjoe_overflow_big_doors,
          serial_shops, shop, uniq_terence, uniq_grinder

Skill      XL: |  1  2  3 |
---------------+----------+-----
Axes           | 3 4 |  4.2
Fighting       | |  2.0
Throwing       | |  1.0
Armour         | |  1.1
Dodging        | |  2.1
Spellcasting   | |  2.0
Translocations | |  2.4

Action                   || total
-------------------------++-------
Melee: Hand axe          ||    70
       Kick              ||    17
       Peck              ||     5
Throw: Boomerang         ||     7
  Use: Scroll            ||     4
Armor: Leather armour    ||     7
Dodge: Dodged            ||    36

Table legend:
 A = Non-vault XP
 B = Vault XP
 C = Vault XP percentage of total XP
 D = Non-vault monster count
 E = Vault monster count
 F = Vault count percentage of total count
                 A         B        C        D         E       F
            +---------+---------+-------+---------+---------+-------
      Total |      48 |      10 |  17.2 |      24 |       6 |  20.0
            +---------+---------+-------+---------+---------+-------
        D:1 |      30 |      10 |  25.0 |      20 |       6 |  23.1
        D:2 |      14 |       0 |   0.0 |       2 |       0 |   0.0
        D:3 |       4 |       0 |   0.0 |       2 |       0 |   0.0
            +---------+---------+-------+---------+---------+-------
